 Dungeon Crawl Stone Soup version 0.16.1-30-g34a7ffa (webtiles) character file.

30837 Jb9000 the Covert (level 13, 0/80 HPs)
             Began as a Gargoyle Fighter on June 29, 2015.
             Was a High Priest of Okawaru.
             Killed from afar by Jb9000's ghost (26 damage)
             ... with a flame tongue
             ... on level 14 of the Dungeon.
             The game lasted 01:35:40 (17261 turns).

Jb9000 the Covert (Gargoyle Fighter)               Turns: 17261, Time: 01:35:41

Health: 0/80       AC: 34    Str: 24    XL:     13   Next: 54%
Magic:  32/32      EV:  7    Int:  6    God:    Okawaru [*****.]
Gold:   1822       SH: 13    Dex: 16    Spells: 0 memorised, 24 levels left

rFire  . . .     SeeInvis +     t - +5 morningstar of the Asp {pain, Str+2}
rCold  + . .     Clarity  .     p - +3 plate armour of the Eternal Void {rC+ MR+ MP+9 Int-4 Stlth+}
rNeg   + + .     SustAb   .     c - +1 shield {AC+3}
rPois  ∞         Gourm    .     (helmet restricted)
rElec  +         Spirit   .     v - +0 cloak
rCorr  .         Warding  .     X - +0 pair of gloves {Dex+3}
rMut   .         Stasis   .     l - +1 pair of boots
MR     +....                    (no amulet)
Stlth  ++........               S - ring of see invisible
                                M - ring "Pnuadeng" {rN+ Dex+2 Slay+3}

@: somewhat resistant to hostile enchantments, unstealthy
A: hooves 1, horns 1, low mp 1, negative energy resistance 1, screaming 1,
electricity resistance, slow healing 1, wild magic 1, unbreathing, petrification
resistance, rot immunity, AC +9
a: Heroism, Finesse, Renounce Religion


You were on level 14 of the Dungeon.
You worshipped Okawaru.
Okawaru was extremely pleased with you.
You were full.

You visited 1 branch of the dungeon, and saw 14 of its levels.
You also visited: Sewer.

You collected 2111 gold pieces.
You spent 289 gold pieces at shops.

Inventory:

Hand weapons
 s - a +2 flail of protection
 t - the +5 morningstar of the Asp (weapon) {pain, Str+2}
   (Okawaru gifted it to you on level 13 of the Dungeon)

   In the hands of one skilled in necromantic magic, it inflicts extra damage on
   living creatures.
   It affects your strength (+2).
 z - the +4 hand crossbow "Throod" {venom, Str+4 Int-4 Stlth+}
   (You bought it in a shop on level 11 of the Dungeon)

   It poisons the ammo it fires.
   It affects your strength (+4).
   It affects your intelligence (-4).
   It makes you more stealthy.
 T - a cursed -3 shortbow
Missiles
 j - a throwing net (quivered)
 D - 15 arrows
 L - 14 poisoned arrows
 O - 7 curare-tipped needles
 Q - 7 silver javelins
 R - 3 bolts
Armour
 a - a +0 helmet
 c - a +1 shield of protection (worn)
 l - a +1 pair of boots (worn)
 p - the +3 plate armour of the Eternal Void (worn) {rC+ MR+ MP+9 Int-4 Stlth+}
   (You found it in a sewer)

   It affects your intelligence (-4).
   It protects you from cold.
   It affects your resistance to hostile enchantments.
   It affects your magic capacity (+9).
   It makes you more stealthy.
 v - a +0 cloak (worn)
 X - a +0 pair of gloves of dexterity (worn)
Jewellery
 x - the ring "Ukemoik" {rF+ rN+ MR+ Stlth+}
   (You found it on level 11 of the Dungeon)

   [ring of positive energy]

   It protects you from fire.
   It protects you from negative energy.
   It affects your resistance to hostile enchantments.
   It makes you more stealthy.
 M - the ring "Pnuadeng" (left hand) {rN+ Dex+2 Slay+3}
   (You found it on level 7 of the Dungeon)

   [ring of positive energy]

   It affects your dexterity (+2).
   It affects your accuracy and damage with ranged weapons and melee attacks
   (+3).
   It protects you from negative energy.
 P - an uncursed ring of protection from magic
 S - a ring of see invisible (right hand)
Magical devices
 b - a wand of polymorph (14)
 g - a wand of paralysis (5)
 o - a wand of digging (9)
 u - a wand of magic darts (17)
 E - a wand of confusion (22)
 F - a wand of frost (28)
 G - a wand of magic darts (10)
 H - a wand of confusion (23)
 N - a wand of magic darts (18)
Scrolls
 f - 5 scrolls of blinking
 i - a scroll of identify
 k - 6 scrolls of teleportation
 q - a scroll of recharging
 w - 2 scrolls of fog
 y - 2 scrolls of amnesia
 K - a scroll of magic mapping
 W - 2 scrolls of remove curse
 Y - a scroll of fear
Potions
 e - 3 potions of might
 h - 2 potions of heal wounds
 m - 5 potions of flight
 r - 3 potions of agility
 A - 2 potions of cancellation
 B - a potion of brilliance
 C - 3 potions of haste
 U - a potion of restore abilities
Miscellaneous
 V - a box of beasts {used: 1}
 Z - a legendary deck of defence {drawn: 3}
Comestibles
 d - 11 bread rations
 n - 6 meat rations


   Skills:
 + Level 9.0 Fighting
 + Level 7.8 Maces & Flails
 + Level 3.8 Crossbows
 - Level 5.0 Throwing
 + Level 9.0 Armour
 + Level 2.6 Dodging
 * Level 12.5 Stealth
 + Level 8.6 Shields
 - Level 6.1 Spellcasting
 + Level 7.2 Invocations
 + Level 6.4 Evocations


You had 24 spell levels left.
You didn't know any spells.

Dungeon Overview and Level Annotations

Branches:
Dungeon (14/15)            Temple (0/1) D:4            Lair (0/8) D:10
    Orc (0/4) D:10         Vaults (0/5) D:13

Altars:
Ashenzari
Cheibriados
Dithmenos
Elyvilon
Fedhas
Kikubaaqudgha
Makhleb
Nemelex Xobeh
Okawaru
Vehumet
Xom
Yredelemnul
Zin
The Shining One

Shops:
D:11 (

Annotations:
D:14 Jb9000's ghost, powerful GrFi


Innate Abilities, Weirdness & Mutations

You are resistant to torment.
You are immune to poison.
Your stone body is very resilient (AC +9).
You resist negative energy.
You are resistant to electric shocks.
You can survive without breathing.
You are immune to petrification.
You are immune to rotting.
You have large cloven feet.
You have a pair of small horns on your head.
Your magical capacity is low (-10% MP).
You occasionally shout uncontrollably at your foes.
You heal slowly when monsters are visible.
Your spells are a little harder to cast, but a little more powerful.


Message History

Jb9000's ghost hits you but does no damage.
You hit Jb9000's ghost but do no damage.
Jb9000's ghost is moderately damaged.
Jb9000's ghost gestures at you while chanting.
The flame tongue hits you!
You hit Jb9000's ghost but do no damage.
Jb9000's ghost is moderately damaged.
Jb9000's ghost whispers, "Meet the emptiness of death!"
Jb9000's ghost hits you!
Your plate armour of the Eternal Void prevents you from hitting Jb9000's ghost.
Your headbutt misses Jb9000's ghost.
Jb9000's ghost is moderately damaged.
Jb9000's ghost points at you and mumbles some strange words.
The flame tongue hits you!
You hit Jb9000's ghost but do no damage.
You headbutt Jb9000's ghost, but do no damage.
Jb9000's ghost is moderately damaged.
Jb9000's ghost points at you and mumbles some strange words.
The flame tongue hits you!
You die...

#.)# #...# #).# #...#
####.)###################...#####
..............................(..
..........().....................
...........................######
......................>....#
...........................#
...............W@..........#
................[..........#
..............^#############
.............(.# ............(..#
...............# ...............#
...............# ...............#


You could see Jb9000's ghost.

Vanquished Creatures
  The ghost of Krapule the Fighter, a powerful MiFi of Makhleb (D:11)
  A hydra (D:8)
  A catoblepas (D:13)
  A centaur warrior (D:14)
  2 unseen horrors
  A wizard (D:13)
  8 hill giants
  8 ugly things
  An elephant (D:10)
  A cyclops (D:13)
  A hornet (shapeshifter) (D:13)
  A komodo dragon (D:11)
  A gargoyle (D:13)
  9 trolls
  A two-headed ogre (D:13)
  3 slime creatures
  2 basilisks
  2 wraiths (D:13)
  A trapdoor spider (D:13)
  4 vampire mosquitoes (D:11)
  29 yaks
  2 wyverns
  Eustachio (D:6)
  Grum (D:8)
  4 deep elf magi
  2 hippogriffs
  A mottled dragon (D:11)
  2 soldier ants (D:11)
  Edmund (D:6)
  3 hungry ghosts
  Menkaure (D:7)
  4 wolves (D:8)
  4 orc warriors
  4 sky beasts
  A black bear (D:8)
  2 ice beasts
  2 ogres
  6 centaurs
  3 eyes of draining
  5 phantoms
  6 big kobolds
  Duvessa (D:9)
  A crocodile (D:11)
  A brain worm (D:12)
  A big kobold (shapeshifter) (D:14)
  6 giant frogs
  4 scorpions
  5 killer bees (D:8)
  8 wights
  3 goliath beetles
  4 hounds
  4 jellies
  Dowan (D:9)
  4 centaur zombies
  3 centaur skeletons
  3 iguanas
  5 orc priests
  10 orc wizards
  Natasha (twice) (D:6)
  A siren (Sewer)
  A merfolk avatar (Sewer)
  8 worker ants
  A giant frog simulacrum (D:11)
  4 sheep
  Terence (D:2)
  A mummy (D:9)
  A gnoll (D:2)
  A worker ant zombie (D:8)
  5 river rats
  2 shadow imps
  10 adders
  5 giant mites
  4 worms
  An adder zombie (D:7)
  52 orcs
  7 ball pythons
  16 bats
  6 giant cockroaches
  10 goblins
  16 hobgoblins
  10 jackals
  7 quokkas
  3 giant geckos
  A giant gecko skeleton (D:7)
  11 giant newts
  A giant spore (D:11)
  A jackal skeleton (D:7)
  25 kobolds
  29 rats
  A rat skeleton (D:7)
  3 ballistomycetes
445 creatures vanquished.

Vanquished Creatures (collateral kills)
  A hill giant (D:10)
1 creature vanquished.

Vanquished Creatures (others)
  5 drowned souls (Sewer)
  A giant spore (D:6)
6 creatures vanquished.

Grand Total: 452 creatures vanquished

Notes
Turn   | Place    | Note
--------------------------------------------------------------
     0 | D:1      | Jb9000, the Gargoyle Fighter, began the quest for the Orb.
     0 | D:1      | Reached XP level 1. HP: 14/14 MP: 1/1
    71 | D:1      | Reached skill level 1 in Stealth
    71 | D:1      | Reached XP level 2. HP: 14/19 MP: 2/2
   566 | D:1      | Reached XP level 3. HP: 23/23 MP: 3/3
   749 | D:1      | Reached skill level 1 in Spellcasting
  1104 | D:2      | Found a basalt altar of Yredelemnul.
  1444 | D:2      | Reached XP level 4. HP: 28/28 MP: 6/6
  1497 | D:2      | Noticed Terence
  1504 | D:2      | Killed Terence
  1571 | D:2      | Found an iron altar of Okawaru.
  1623 | D:2      | Became a worshipper of Warmaster Okawaru
  2087 | D:3      | Reached XP level 5. HP: 33/33 MP: 7/7
  2231 | D:3      | Found a glowing drain.
  2265 | Sewer    | Entered a sewer
  2498 | Sewer    | Reached skill level 4 in Fighting
  2498 | Sewer    | Reached XP level 6. HP: 36/38 MP: 9/9
  2676 | Sewer    | Noticed a drowned soul
  2676 | Sewer    | Noticed a drowned soul
  2677 | Sewer    | Noticed a drowned soul
  2678 | Sewer    | Noticed a drowned soul
  2678 | Sewer    | Noticed a drowned soul
  2679 | Sewer    | Killed a drowned soul
  2680 | Sewer    | Noticed a drowned soul
  2681 | Sewer    | Killed a drowned soul
  2681 | Sewer    | Killed a drowned soul
  2686 | Sewer    | Noticed a drowned soul
  2686 | Sewer    | Killed a drowned soul
  2689 | Sewer    | Noticed a drowned soul
  2690 | Sewer    | Killed a drowned soul
  2786 | Sewer    | Got an ancient plate armour
  2798 | Sewer    | Identified the +3 plate armour of the Eternal Void {rC+ MR+ MP+9 Int-4 Stlth+} (You found it in a sewer)
  3501 | D:4      | Acquired Okawaru's first power
  3537 | D:4      | Found a shadowy altar of Dithmenos.
  3602 | D:4      | Found a staircase to the Ecumenical Temple.
  3649 | D:4      | Reached XP level 7. HP: 29/44 MP: 12/12
  3692 | D:4      | Reached skill level 5 in Stealth
  4152 | D:4      | Found a glowing golden altar of the Shining One.
  4154 | D:4      | Found an ancient bone altar of Kikubaaqudgha.
  4227 | D:5      | Entered Level 5 of the Dungeon
  4667 | D:5      | Reached skill level 5 in Armour
  4667 | D:5      | Reached XP level 8. HP: 43/48 MP: 14/14
  4911 | D:5      | Found a sparkling altar of Nemelex Xobeh.
  4911 | D:5      | Found a blossoming altar of Fedhas.
  4912 | D:5      | Found a glowing silver altar of Zin.
  4924 | D:5      | Found a burning altar of Makhleb.
  5051 | D:5      | Reached skill level 6 in Stealth
  5051 | D:5      | Reached skill level 1 in Invocations
  5435 | D:6      | Noticed Edmund
  5457 | D:6      | Killed Edmund
  5457 | D:6      | Reached skill level 1 in Throwing
  5551 | D:6      | Noticed Eustachio
  5570 | D:6      | Noticed Natasha
  5580 | D:6      | Killed Eustachio
  5580 | D:6      | Reached skill level 5 in Fighting
  5580 | D:6      | Reached skill level 5 in Shields
  5587 | D:6      | Killed Natasha
  5815 | D:6      | Noticed Natasha
  5824 | D:6      | Killed Natasha
  6650 | D:7      | Noticed Menkaure
  6665 | D:7      | Killed Menkaure
  6710 | D:7      | Reached skill level 7 in Stealth
  6710 | D:7      | Reached skill level 1 in Evocations
  6855 | D:7      | Reached XP level 9. HP: 52/54 MP: 18/18
  6926 | D:7      | Got a faintly glowing ivory ring
  6928 | D:7      | Identified the ring "Pnuadeng" {rN+ Dex+2 Slay+3} (You found it on level 7 of the Dungeon)
  7277 | D:7      | Found a shimmering altar of Xom.
  7283 | D:7      | Found a radiant altar of Vehumet.
  7396 | D:8      | Noticed Grum
  7411 | D:8      | Killed Grum
  7545 | D:8      | Found a snail-covered altar of Cheibriados.
  7676 | D:8      | Reached skill level 8 in Stealth
  7701 | D:8      | Noticed a three-headed hydra
  7730 | D:8      | Killed a three-headed hydra
  7730 | D:8      | Reached XP level 10. HP: 29/60 MP: 21/21
  7735 | D:8      | Reached skill level 5 in Maces & Flails
  8313 | D:8      | Found a white marble altar of Elyvilon.
  8809 | D:9      | Acquired Okawaru's second power
  8809 | D:9      | Reached skill level 9 in Stealth
  8877 | D:9      | Noticed Dowan
  8913 | D:9      | Killed Dowan
  9019 | D:9      | Received a gift from Okawaru
  9421 | D:9      | Noticed Duvessa
  9433 | D:9      | Killed Duvessa
  9495 | D:10     | Entered Level 10 of the Dungeon
  9515 | D:10     | Reached XP level 11. HP: 66/66 MP: 22/22
  9535 | D:10     | Received a gift from Okawaru
  9582 | D:10     | Gained mutation: You tend to lose your temper in combat. [mutagenic meat]
  9658 | D:10     | Noticed an elephant
  9711 | D:10     | Killed an elephant
  9727 | D:10     | Found a staircase to the Lair.
  9932 | D:10     | Noticed a hill giant
  9949 | D:10     | Killed a hill giant
  9949 | D:10     | Reached skill level 5 in Invocations
 10058 | D:10     | Identified the Almanac of Ignition (You found it on level 10 of the Dungeon)
 10130 | D:10     | Reached skill level 10 in Stealth
 10187 | D:10     | Reached skill level 5 in Spellcasting
 10511 | D:10     | Noticed a hill giant
 10527 | D:10     | Killed a hill giant
 10755 | D:10     | Found a staircase to the Orcish Mines.
 11273 | D:11     | Found Shesm's Antique Weapon Shoppe.
 11282 | D:11     | Bought an iridescent hand crossbow for 289 gold pieces
 11389 | D:10     | Identified the +4 hand crossbow "Throod" {venom, Str+4 Int-4 Stlth+} (You bought it in a shop on level 11 of the Dungeon)
 11694 | D:11     | Identified a scroll of acquirement
 11720 | D:11     | Noticed Krapule's ghost (powerful MiFi)
 11759 | D:11     | Killed Krapule's ghost
 11759 | D:11     | Reached skill level 5 in Evocations
 12028 | D:11     | Reached XP level 12. HP: 48/73 MP: 25/25
 12294 | D:11     | Got a bound silver ring
 12299 | D:11     | Identified the ring "Ukemoik" {rF+ rN+ MR+ Stlth+} (You found it on level 11 of the Dungeon)
 12839 | D:12     | Found a shimmering altar of Xom.
 12856 | D:12     | Received a gift from Okawaru
 12856 | D:12     | Reached skill level 11 in Stealth
 12857 | D:12     | Got a brightly glowing plate armour {god gift}
 12868 | D:12     | Identified the -5 plate armour "Plupnari" {Contam +Inv Dex+2} (Okawaru gifted it to you on level 12 of the Dungeon)
 12947 | D:12     | Reached skill level 1 in Crossbows
 13508 | D:12     | Reached skill level 5 in Throwing
 13513 | D:12     | Gained mutation: You occasionally shout uncontrollably at your foes. [mutagenic meat]
 13724 | D:12     | Lost mutation: You tend to lose your temper in combat. [potion of cure mutation]
 13724 | D:12     | Lost mutation: You occasionally shout uncontrollably at your foes. [potion of cure mutation]
 13808 | D:12     | Gained mutation: Your magical capacity is low (-10% MP). [mutagenic meat]
 13809 | D:12     | Gained mutation: You occasionally shout uncontrollably at your foes. [mutagenic meat]
 14445 | D:12     | Reached skill level 1 in Dodging
 15018 | D:13     | Received a gift from Okawaru
 15019 | D:13     | Got a transparent morningstar {god gift}
 15020 | D:13     | Identified the +5 morningstar of the Asp {pain, Str+2} (Okawaru gifted it to you on level 13 of the Dungeon)
 15149 | D:13     | Reached XP level 13. HP: 75/79 MP: 23/23
 15225 | D:13     | Noticed a catoblepas
 15253 | D:13     | Killed a catoblepas
 15253 | D:13     | Reached skill level 12 in Stealth
 15571 | D:13     | Found a shattered altar of Ashenzari.
 15649 | D:13     | Found a gate to the Vaults.
 16229 | D:14     | Received a gift from Okawaru
 16260 | D:14     | Gained mutation: You heal slowly when monsters are visible. [mutagenic meat]
 16263 | D:14     | Gained mutation: You have large cloven feet. [mutagenic meat]
 16264 | D:14     | Gained mutation: Your spells are a little harder to cast, but a little more powerful. [mutagenic meat]
 16266 | D:14     | Gained mutation: You have a pair of small horns on your head. [mutagenic meat]
 16514 | D:14     | Noticed Jb9000's ghost (powerful GrFi)
 17261 | D:14     | Killed from afar by Jb9000's ghost

Action                   |  1- 3 |  4- 6 |  7- 9 | 10-12 | 13-15 || total
-------------------------+-------+-------+-------+-------+-------++-------
Melee: Flail             |    59 |       |    81 |   119 |       ||   259
       Mace              |    75 |     2 |    38 |    20 |       ||   135
       Whip              |       |   318 |   298 |   607 |       ||  1223
       Morningstar       |       |       |       |     7 |   194 ||   201
 Fire: Blowgun           |       |       |    53 |    56 |       ||   109
       Hand crossbow     |       |       |       |   102 |    46 ||   148
Throw: Tomahawk          |       |       |       |    27 |       ||    27
       Throwing net      |       |       |       |       |     2 ||     2
Invok: Heroism           |       |       |       |     1 |       ||     1
Evoke: Wand              |       |       |     2 |     7 |     4 ||    13
       Deck              |       |       |       |     2 |     1 ||     3
       Box of beasts     |       |       |       |     1 |       ||     1
  Use: Scroll            |     4 |     4 |     8 |     9 |     4 ||    29
       Potion            |     5 |     2 |     5 |     5 |     3 ||    20
 Stab: Distracted        |       |       |     2 |     3 |       ||     5
       Sleeping          |       |       |       |     3 |     1 ||     4
       Paralysed         |       |       |       |     8 |       ||     8
       Invisible         |       |       |       |       |     5 ||     5
  Eat: Royal jelly       |     2 |       |       |       |     1 ||     3
       Chunk             |     1 |     3 |     7 |    10 |     5 ||    26
       Pizza             |     1 |       |       |     9 |       ||    10
       Beef jerky        |       |       |     3 |     1 |       ||     4
       Fruit             |       |       |     2 |    11 |    11 ||    24
